 Dungeon Crawl Stone Soup version 0.30-a0-782-ge64f9170bb (webtiles) character file.

Game seed: 187861259766732807

126 tilp the Slasher (level 5, 0/46 HPs)
             Began as a Meteoran Fighter on Feb 19, 2023.
             Succumbed to a water moccasin's poison
             ... on level 4 of the Dungeon.
             The game lasted 00:03:42 (825 turns).

tilp the Slasher (Meteoran Fighter)                  Turns: 825, Time: 00:03:43

Health: 0/46       AC:  6    Str: 18    XL:     5   Next: 58%
Magic:  6/6        EV: 10    Int:  9    God:
Gold:   86         SH:  5    Dex: 15    Spells: 4/4 levels left

rFire   . . .      SeeInvis .    a - +0 long sword
rCold   . . .      Faith    .    c - +0 buckler
rNeg    . . .      Spirit   .    b - +0 scale mail
rPois   .          Reflect  .    (no helmet)
rElec   .          Harm     .    (no cloak)
rCorr   .          Rampage  .    (no gloves)
Will    .....                    (no boots) Stlth
                                 (no amulet)
HPRegen 0.27/turn                (no ring)
MPRegen 0.10/turn                (no ring)

@: mighty, lethally poisoned (0 -> -3), glowing
A: sense surroundings 1, otherworldly, glowing, explore regen
a: no special abilities


You were on level 4 of the Dungeon.
You visited 1 branch of the dungeon, and saw 4 of its levels.

You collected 86 gold pieces.

Inventory:

Hand Weapons
 a - a +0 long sword (weapon)
Missiles
 e - 15 stones
 j - 6 boomerangs
 q - 10 poisoned darts (quivered)
Armour
 b - a +0 scale mail (worn)
 c - a +0 buckler (worn)
Jewellery
 o - a ring of wizardry
Scrolls
 f - 2 scrolls of identify {unknown}
 k - a scroll of vulnerability {unknown}
 m - a scroll of teleportation {unknown}
 n - a scroll of torment {unknown}
 p - a scroll of blinking {unknown}
 s - a scroll of poison {unknown}
 v - a scroll of immolation {unknown}
Potions
 h - a potion of heal wounds {unknown}
 i - a potion of curing {unknown}
 l - a potion of flight {unknown}
 r - a potion of haste {unknown}
 t - a potion of mutation {unknown}
 u - a potion of invisibility {unknown}


   Skills:
 - Level 4.0 Fighting
 * Level 4.6 Long Blades
 - Level 2.0 Throwing
 - Level 3.6 Armour
 - Level 2.0 Dodging
 - Level 3.6 Shields


You had 4 spell levels left.
You didn't know any spells.
Your spell library was empty.

Dungeon Overview and Level Annotations

Branches:
Dungeon (4/15) Zot: 1531
 Temple: D:4-7

Altars:


Innate Abilities, Weirdness & Mutations

You passively map a small area around you.
You are easily found by Zot.
You glow in the dark.
You regain HP and MP as you explore.


Message History

Unknown command.
You barely miss the water moccasin. The water moccasin bites you. x2
You hit the water moccasin.
The water moccasin is lightly wounded.
The water moccasin bites you. x2
You are poisoned.
The water moccasin poisons you!
You barely miss the water moccasin.
The water moccasin is lightly wounded.
You feel very sick. The water moccasin bites you.
You are more poisoned.
The water moccasin poisons you!
You closely miss the water moccasin.
The water moccasin is lightly wounded.
You feel very sick. The water moccasin barely misses you.
The water moccasin bites you but does no damage.
You barely miss the water moccasin.
The water moccasin is lightly wounded.
You feel very sick. The water moccasin bites you.
* * * LOW HITPOINT WARNING * * *
The water moccasin barely misses you.
You feel very mighty all of a sudden.
You feel very sick.
The water moccasin bites you but does no damage.
You barely miss the water moccasin.
You feel sick. The water moccasin closely misses you.
The water moccasin bites you.
* * * LOW HITPOINT WARNING * * *
You slash the water moccasin!
The water moccasin is heavily wounded.
You feel sick. The water moccasin bites you.
* * * LOW HITPOINT WARNING * * *
The quokka bites you but does no damage.
The water moccasin bites you.
* * * LOW HITPOINT WARNING * * *
Unknown command.
It was a potion of magic.
Magic courses through your body.
You die...

, ....................# ,
.........[..........###
.........†..........#.###
, ,
,.........)..........<...#
..................).....?
*
#........................
#.......##.##...........
#..........#........#... ,
........@............#...
..#.#..r.S..#........##..
, . ####.##..###.......#
## * #.. ,...#, * > #..
...(. . ... ....## . ,
.... ....., * . #..,
,..#... . ,,,


You could see a water moccasin and a quokka.

Vanquished Creatures
  An orc priest (D:3)
  Terence (D:2)
  3 adders
  3 worms
  3 orcs
  5 ball pythons
  3 giant cockroaches
  5 goblins
  A hobgoblin (D:2)
  4 bats
  3 kobolds
  4 rats
36 creatures vanquished.

Notes
Turn   | Place    | Note
-------+----------+-------------------------------------------
     0 | D:1      | tilp the Meteoran Fighter began the quest for the Orb.
     0 | D:1      | Reached XP level 1. HP: 19/19 MP: 2/2
    89 | D:1      | Reached XP level 2. HP: 23/26 MP: 3/3
   137 | D:2      | Noticed Terence
   157 | D:2      | Killed Terence
   158 | D:2      | Reached skill level 1 in Throwing
   158 | D:2      | Reached skill level 1 in Dodging
   158 | D:2      | Reached XP level 3. HP: 11/33 MP: 4/4
   395 | D:4      | Reached XP level 4. HP: 40/40 MP: 5/5
   453 | D:3      | Reached XP level 5. HP: 35/46 MP: 6/6
   813 | D:4      | Noticed a water moccasin
   824 | D:4      | HP: 1/46 [water moccasin (3)]
   825 | D:4      | Succumbed to a water moccasin's poison

Illustrated notes

Levels and vault maps discovered:
D:1:      sevenhm_arrival_forest_fort_large_4, layout_basic,
          shapermc_ecumenical_altar_gd, minmay_misc_feat_secret_circle,
          kennysheep_decorative_pillar, nicolae_concentric_dashed_squares_mild
D:2:      layout_loops_ring, uniq_terence, uniq_jessica, uniq_sigmund
D:3:      layout_basic
D:4:      layout_cave_pools, minmay_overflow_temple_hex, serial_shops, shop

Skill      XL: |  1  2  3  4  5 |
---------------+----------------+-----
Long Blades    | 3 4 |  4.6
Throwing       | 1 2 |  2.0
Dodging        | 1 2 |  2.0
Fighting       | 4 |  4.0
Armour         | |  3.6
Shields        | |  3.6

Action                     |  1- 3 |  4- 6 || total
---------------------------+-------+-------++-------
  Melee: Long sword        |    64 |    97 ||   161
  Throw: Stone             |     1 |       ||     1
         Dart              |       |     2 ||     2
    Use: Potion            |     1 |     2 ||     3
 Armour: Scale mail        |    28 |    61 ||    89
  Dodge: Dodged            |    13 |    45 ||    58
  Block: Buckler           |    16 |    35 ||    51

Table legend: (Time is in decaauts)
 A = Elapsed time spent in this place.
 B = Non-inter-level travel time spent in this place.
 C = Inter-level travel time spent in this place.
 D = Time resting spent in this place.
 E = Time spent auto-exploring this place.
 F = Levels seen in this place.
 G = Mean time per level.
                   A        B        C        D        E       F      G
               +--------+--------+--------+--------+--------+-----+--------+
         Total |    868 |    821 |     47 |      0 |      0 |   4 |  217.0 |
       Dungeon |    868 |    821 |     47 |      0 |      0 |   4 |  217.0 |
               +--------+--------+--------+--------+--------+-----+--------+

Top non-repeatable levels by time:
     D:3: 488 daAuts
     D:1: 151 daAuts
     D:4: 119 daAuts
     D:2: 109 daAuts
